 Dungeon Crawl Stone Soup version 0.27.1-2-g3b301248ec (webtiles) character file.

Game seed: 10452695462460162736

31 Borgoz the Cudgeller (level 3, -1/22 HPs)
             Began as a Gargoyle Gladiator on Sept 28, 2021.
             Slain by Sigmund (5 damage)
             ... on level 2 of the Dungeon.
             The game lasted 00:01:32 (886 turns).

Borgoz the Cudgeller (Gargoyle Gladiator)            Turns: 886, Time: 00:01:32

Health: -1/22      AC: 11    Str: 15 (18) XL:     3   Next: 22%
Magic:  3/3        EV: 12    Int:  7 (8)  God:
Gold:   69         SH:  0    Dex: 10 (11) Spells: 2/2 levels left

rFire    + . .     SeeInvis .   a - +0 flail
rCold    + . .     Faith    .   (no shield)
rNeg     + . .     Spirit   .   b - +0 leather armour
rPois    ∞         Reflect  .   c - +0 helmet
rElec    +         Harm     .   (no cloak)
rCorr    +         Rampage  .   (no gloves)
Will     .....                  (no boots)
Stlth    +.........             (no amulet)
HPRegen  0.07/turn              i - +4 ring of protection
MPRegen  0.08/turn              (no ring)

@: resistant
A: sickness immunity, AC +3, negative energy resistance 1, electricity
resistance, torment resistance 1, petrification resistance
a: no special abilities


You were on level 2 of the Dungeon.
You visited 1 branch of the dungeon, and saw 2 of its levels.

You collected 69 gold pieces.

Inventory:

Hand Weapons
 a - a +0 flail (weapon)
Missiles
 d - 2 throwing nets (quivered)
Armour
 b - a +0 leather armour (worn)
 c - a +0 helmet (worn)
Jewellery
 i - a +4 ring of protection (left hand)
Scrolls
 e - a scroll of blinking {unknown}
 f - a scroll of teleportation
 k - a scroll of fog {unknown}


   Skills:
 * Level 2.7 Fighting
 * Level 3.3 Maces & Flails
 - Level 1.7 Throwing
 * Level 1.2 Armour
 * Level 2.7 Dodging


You had 2 spell levels left.
You didn't know any spells.
Your spell library was empty.

Dungeon Overview and Level Annotations

Branches:
Dungeon (2/15)

Altars:

Annotations:
D:2 Sigmund


Innate Abilities, Weirdness & Mutations

You are immune to sickness and miasma.
Your stone body is resilient. (AC +3)
You are immune to poison.
You resist negative energy. (rN+)
You are resistant to electric shocks. (rElec)
You are resistant to unholy torment.
You are immune to petrification.


Message History

You hit Sigmund.
Sigmund is heavily wounded.
Sigmund gestures at you while chanting.
You are confused.
Sigmund struggles against the net.
The net rips apart, and Sigmund comes free!
Okay, then.
You bump into the rock wall.
Sigmund barely misses you.
You bump into the rock wall.
Sigmund hits you but does no damage.
You miss Sigmund.
Sigmund is heavily wounded.
Sigmund gestures wildly while chanting.
Sigmund flickers and vanishes!
Deactivating autopickup; reactivate with Ctrl-A.
Something hits you but does no damage.
You feel less confused.
You hear some strange, mumbled words.
You are confused.
Something hits you.
You closely miss something. Something hits you but does no damage.
A puff of flame appears from out of thin air!
The puff of flame hits you!
It was a potion of cancellation.
Your magical effects are unravelling.
You feel magically purged.
You feel less confused. Something hits you but does no damage.
It was a potion of resistance.
You feel protected.
You hear some strange, mumbled words.
A puff of flame appears from out of thin air!
The puff of flame hits you but does no damage.
You resist. Something hits you.
* * * LOW HITPOINT WARNING * * *
It was a potion of degeneration.
There was something very wrong with that liquid.
You feel weakened.
You feel dopey.
You feel clumsy.
You closely miss something. Something hits you.
You die...

#..............# #
#..............#.#.#
##....#......#.... .#
#..............####.#
#...#...#..#........####
#...##........####......
#... ###....##..........
#### ##...##..........
#...##.@{.......
######......####
#......# ........$#
#..........#
#....!.....#
#..........#
#......##### #......


There were no monsters in sight!

Vanquished Creatures
  An adder (D:2)
  A worm (D:2)
  An endoplasm (D:1)
  A giant cockroach (D:1)
  A quokka (D:1)
  4 ball pythons
  2 bats
  4 frilled lizards
  2 goblins (D:1)
  A kobold (D:1)
  6 rats (D:1)
24 creatures vanquished.

Notes
Turn   | Place    | Note
-------+----------+-------------------------------------------
     0 | D:1      | Borgoz the Gargoyle Gladiator began the quest for the Orb.
     0 | D:1      | Reached XP level 1. HP: 12/12 MP: 1/1
    29 | D:1      | Found a faded altar of an unknown god.
   149 | D:1      | Reached XP level 2. HP: 18/18 MP: 2/2
   603 | D:1      | Reached skill level 1 in Armour
   756 | D:2      | Reached XP level 3. HP: 22/22 MP: 3/3
   858 | D:2      | Noticed Sigmund
   886 | D:2      | Slain by Sigmund

Illustrated notes

Levels and vault maps discovered:
D:1:      dpeg_arrival_boxes_within_box, layout_rooms,
          chequers_ecumenical_altar_simple_redux, hangedman_decor_growths
D:2:      layout_basic, minmay_misc_feat_square, minmay_misc_feat_plants,
          minmay_misc_feat_four_crosses, minmay_mini_jars, uniq_sigmund,
          uniq_robin

Skill      XL: |  1  2 |
---------------+-------+-----
Armour         | 1 |  1.2
Fighting       | |  2.7
Maces & Flails | |  3.3
Throwing       | |  1.7
Dodging        | |  2.7

Action                   || total
-------------------------++-------
Melee: Flail             ||    93
Throw: Throwing net      ||     1
  Use: Potion            ||     5
       Scroll            ||     2
Armor: Leather armour    ||    40
Dodge: Dodged            ||    79
